Map: Disco Bloodbath LE

Players

Elazer - Winner!

  • Race: Zerg Zerg
  • Spawn Location: 9:00

Namshar

  • Race: Zerg Zerg
  • Spawn Location: 3:00

VOD

Have the link to the VOD?

Description

Time

  • Played on: Sept. 6, 2019, 6:02 p.m.
  • Length: 11:23
Show
View Real Time Build Order
Export as new Build Order

Elazer Zerg - Winner!

Build Orders: Hatch First 

Get SALT Encoding   

  12  0:00  Drone  
  13  0:12  Overlord  
  13  0:16  Drone  
  14  0:31  Drone x2  
  16  0:47  Hatchery  
  15  0:51  Drone  
  15  0:54  Drone  
  17  0:57  Drone  
  18  1:08  Extractor  
  17  1:12  Spawning Pool  
  17  1:15  Drone  
  17  1:19  Drone  
  18  1:27  Drone  
  19  1:38  Drone  
  20  1:49  Drone  
  21  1:59  Queen x2  
  21  2:00  Overlord, Drone  
  26  2:08  Metabolic Boost  
  26  2:10  Drone  
  26  2:11  Drone  
  28  2:21  Drone x2  
  30  2:32  Drone  
  30  2:33  Hatchery  
  30  2:37  Zergling x2  
  30  2:42  Drone  
  30  2:43  Drone  
  33  2:47  Baneling Nest  
  32  2:53  Overlord  
  32  2:54  Drone  
  33  3:04  Drone x2  
  35  3:06  Overlord  
  35  3:08  Drone  
  35  3:11  Zergling x4  
  38  3:13  Drone  
  38  3:15  Queen  
  38  3:18  Zergling x2  
  38  3:19  Drone  
  43  3:21  Drone  
  44  3:28  Drone x2  
  46  3:37  Evolution Chamber, Drone  
  46  3:38  Drone x2  
  48  3:41  Drone x4  
  48  3:45  Extractor  
  48  3:48  Drone x2  
  53  3:51  Drone  
  53  3:53  Lair  
  53  3:54  Drone  
  55  4:01  Overlord  
  55  4:02  Drone  
  56  4:05  Drone  
  57  4:11  Zerg Missile Weapons Level 1, Extractor  
  57  4:12  Drone x2  
  57  4:16  Overlord  
  58  4:17  Roach Warren  
  58  4:18  Drone  
  58  4:21  Drone x3  
  63  4:24  Drone x2  
  63  4:27  Drone x2  
  65  4:32  Drone  
  65  4:33  Extractor  
  65  4:34  Drone  
  65  4:36  Extractor  
  65  4:38  Overlord  
  65  4:39  Drone x2  
  65  4:44  Extractor  
  66  4:46  Drone x3  
  66  4:49  Overlord  
  68  4:55  Drone x3  
  68  4:56  Spire  
  70  5:00  Drone x3  
  70  5:01  Drone x2  
  70  5:06  Drone  
  76  5:07  Overlord  
  76  5:08  Glial Reconstitution  
  76  5:18  Roach x3  
  76  5:20  Hatchery, Roach  
  83  5:22  Roach  
  83  5:26  Roach x2  
  88  5:28  Overlord  
  88  5:31  Roach x2  
  92  5:36  Roach x2  
  92  5:39  Overlord  
  92  5:42  Overlord  
  94  5:51  Overlord  
  94  5:52  Roach x2  
  98  6:07  Mutalisk  
  98  6:08  Mutalisk x6  
  98  6:09  Mutalisk  
  114  6:13  Roach x2  
  114  6:17  Roach x2  
  122  6:23  Roach x5  
  128  6:29  Roach x2  
  128  6:35  Roach x4  
  128  6:37  Overlord  
  134  6:40  Roach x3  
  136  6:48  Roach x2  
  136  6:53  Roach x2  
  128  6:58  Roach x6  
  112  7:13  Roach x7  
  124  7:25  Drone x4  
  124  7:26  Queen  
  124  7:27  Zerg Missile Weapons Level 2  
  124  7:29  Drone x3  
  133  7:32  Drone  
  134  7:37  Drone x4  
  134  7:41  Overlord  
  134  7:43  Drone x5  
  143  7:48  Overlord  
  143  7:53  Overlord  
  143  8:01  Roach x3  
  149  8:07  Roach x5  
  149  8:11  Roach  
  149  8:12  Roach  
  159  8:18  Overlord x3  
  159  8:21  Roach x4  
  167  8:29  Overlord  
  167  8:38  Ravager  
  167  8:39  Roach x8  
  184  8:45  Roach x3  
  190  8:48  Ravager x3  
  190  8:49  Ravager x5  
  198  8:55  Ravager  
  198  8:57  Ravager  
  180  9:26  Roach x14  
  181  9:34  Roach x6  
  174  9:40  Roach  
  174  9:41  Roach x3  
  162  9:47  Roach x5  
  158  9:54  Roach  
  153  10:01  Pneumatized Carapace, Overseer, Roach x4  
  153  10:03  Overseer  
  155  10:08  Roach x3  
  161  10:16  Roach x4  
  181  10:28  Roach x10  
  181  10:33  Extractor  
  181  10:34  Ravager  
  181  10:35  Ravager  
  190  10:37  Roach  
  155  10:58  Roach x14  
Show
View Real Time Build Order
Export as new Build Order

Namshar Zerg 

Build Orders: Hatch First 

Get SALT Encoding   

  12  0:00  Drone  
  13  0:12  Overlord  
  13  0:16  Drone  
  14  0:30  Drone x2  
  16  0:47  Hatchery  
  15  0:50  Drone  
  15  0:54  Drone  
  17  0:57  Drone  
  18  1:08  Extractor  
  17  1:12  Spawning Pool  
  17  1:15  Drone  
  17  1:18  Drone  
  18  1:27  Drone  
  19  1:38  Drone  
  20  1:49  Drone  
  21  1:58  Queen x2  
  21  1:59  Overlord, Drone  
  26  2:07  Metabolic Boost  
  26  2:10  Drone x2  
  28  2:20  Drone  
  28  2:21  Drone  
  30  2:31  Drone  
  30  2:32  Drone  
  30  2:34  Hatchery  
  31  2:44  Drone, Baneling Nest  
  30  2:49  Overlord  
  31  2:53  Drone x2  
  33  3:00  Queen  
  33  3:04  Zergling x2  
  36  3:08  Drone  
  36  3:09  Drone x3  
  36  3:10  Zergling x2  
  41  3:13  Overlord  
  41  3:17  Drone  
  42  3:23  Evolution Chamber  
  42  3:26  Zergling x2  
  42  3:27  Zergling x2  
  42  3:30  Baneling  
  42  3:33  Drone  
  44  3:34  Drone  
  44  3:39  Overlord  
  44  3:40  Drone x3  
  44  3:41  Drone x2  
  50  3:43  Zergling x2  
  50  3:47  Zergling x4  
  53  3:50  Baneling  
  53  3:57  Roach Warren  
  53  3:58  Lair  
  53  4:01  Extractor x2  
  50  4:04  Drone x3  
  50  4:07  Drone  
  54  4:11  Drone x4  
  54  4:15  Drone  
  59  4:19  Overlord, Drone  
  59  4:20  Drone  
  59  4:21  Drone  
  62  4:28  Overlord, Drone  
  62  4:29  Drone x2  
  65  4:33  Drone  
  65  4:36  Zerg Missile Weapons Level 1  
  66  4:39  Extractor  
  66  4:41  Drone  
  66  4:42  Drone x4  
  70  4:48  Drone x5  
  70  4:52  Drone x2  
  76  4:55  Overlord, Extractor  
  76  4:56  Extractor  
  76  4:58  Overlord  
  74  5:01  Overlord  
  74  5:03  Glial Reconstitution  
  74  5:06  Roach  
  76  5:14  Overlord x2  
  76  5:17  Roach  
  76  5:18  Roach x3  
  84  5:24  Roach x4  
  92  5:29  Overlord, Nydus Network  
  91  5:36  Roach x3  
  97  5:43  Roach  
  97  5:44  Roach x2  
  106  5:50  Roach x5  
  112  5:58  Roach  
  112  5:59  Roach x3  
  122  6:04  Roach x4  
  122  6:07  Nydus Canal  
  128  6:15  Overlord x3, Roach  
  129  6:22  Nydus Canal  
  129  6:32  Roach x2  
  129  6:41  Queen  
  129  6:43  Nydus Canal, Queen x2  
  103  7:03  Nydus Canal  
  103  7:07  Roach x8  
  111  7:09  Drone x2  
  111  7:10  Drone x5  
  111  7:14  Spore Crawler  
  111  7:15  Spore Crawler x2  
  111  7:17  Burrow  
  111  7:18  Infestation Pit  
  111  7:19  Queen x2  
  110  7:25  Nydus Canal  
  110  7:27  Zerg Missile Weapons Level 2  
  110  7:29  Roach x4  
  114  7:35  Hydralisk Den  
  113  7:41  Drone  
  114  7:45  Roach x4  
  114  7:48  Hatchery  
  122  7:51  Ravager  
  122  7:52  Ravager x2  
  118  8:05  Drone x3  
  116  8:08  Roach x9  
  116  8:12  Ravager x2  
  136  8:13  Ravager  
  136  8:18  Overlord  
  136  8:19  Overlord x3  
  137  8:21  Tunneling Claws  
  137  8:24  Pneumatized Carapace  
  137  8:41  Roach x11  
  154  8:45  Grooved Spines  
  154  8:47  Ravager x2  
  154  8:48  Ravager x2, Roach  
  160  8:50  Extractor  
  161  9:01  Roach x4  
  169  9:08  Roach x3  
  175  9:12  Overlord x3, Ravager  
  171  9:19  Roach x4  
  154  9:29  Roach x5  
  145  9:36  Roach x4  
  128  9:41  Roach x2  
  128  9:42  Roach  
  128  9:44  Roach  
  118  9:45  Roach  
  118  9:49  Roach  
  118  9:50  Roach  
  118  9:52  Roach  
  113  9:58  Roach x3  
  110  10:09  Roach x6  
  122  10:17  Roach  
  122  10:18  Ravager  
  122  10:19  Ravager x3  
  128  10:23  Roach x4  
  128  10:24  Roach x6  
  132  10:31  Roach x5  
  132  10:32  Ravager x2  
  142  10:41  Roach x4  
  148  10:47  Roach x4  
  138  10:55  Roach x4  
  131  10:59  Roach x2  
Tags
 
Add a new tag
Caveats
  • Supply blocks, unpowered buildings, or Contaminate may cause inaccurate times.
  • Supply counts are checked every 10 seconds.